 Dungeon Crawl Stone Soup version 0.30-a0-1160-g6e42c06551 (webtiles) character file.

Game seed: 13506635465379764126

1115 ytrimaz the Ducker (level 8, 0/50 (52) HPs)
             Began as an Octopode Fighter on Apr 24, 2023.
             Slain by a wight
             ... wielding a +2 dire flail
              (4 damage)
             ... on level 6 of the Dungeon on Apr 25, 2023.
             The game lasted 00:05:43 (3616 turns).

ytrimaz the Ducker (Octopode Fighter)               Turns: 3616, Time: 00:05:44

HP:   0/50 (52)     AC:  1    Str: 16    XL:     8   Next: 34%
MP:   8/8           EV: 15    Int: 10    God:
Gold: 265           SH:  5    Dex: 13    Spells: 7/7 levels left

rFire   . . .        a - +1 long sword (chaos)
rCold   + . .        b - +0 buckler
rNeg    . . .        (helmet restricted)
rPois   .            j - amulet of regeneration
rElec   .            n - ring of protection from cold
rCorr   .            (no ring)
SInv    .            (no ring)
Will    .....        (no ring)
Stlth   ++           (no ring)
HPRegen 1.08/turn    (no ring)
MPRegen 0.11/turn    (no ring)
                     (no ring)

%: no passive effects
@: lightly drained
A: almost no armour, amphibious, 8 rings, camouflage 1, gelatinous body 1,
(nimble swimmer 1), tentacles
a: no special abilities


You were on level 6 of the Dungeon.
You visited 1 branch of the dungeon, and saw 6 of its levels.
You also visited: Ossuary.

You collected 265 gold pieces.


Innate Abilities, Weirdness & Mutations

You cannot wear most types of armour.
You are amphibious.
You can wear up to eight rings at the same time.
Your skin changes colour to match your surroundings (Stealth+).
Your rubbery body absorbs attacks. (AC +1, EV +1)
((You are camouflaged when in or above water. (Stealth+)))
You have tentacles for arms and can constrict up to eight enemies at once.


   Skills:
 - Level 3.0 Fighting
 + Level 6.8 Long Blades
 + Level 7.1 Dodging
 - Level 4.0 Shields


You had 7 spell levels left.
You didn't know any spells.
Your spell library contained the following spells:

 Spells                   Type           Power      Damage    Failure   Level
 Ensorcelled Hibernation  Hex/Ice        0%         N/A       58%         2
 Passwall                 Tmut/Erth      0%         N/A       58%         2
 Spider Form              Tmut/Pois      0%         N/A       82%         3
 Swiftness                Air            0%         N/A       82%         3
 Anguish                  Hex/Necr       0%         N/A       99%         4

Inventory:

Hand Weapons
 a - a +1 long sword of chaos (weapon)
Armour
 b - a +0 buckler (worn)
Jewellery
 j - an amulet of regeneration (around mantle)
   (You found it on level 1 of the Dungeon)
 n - a ring of protection from cold (left tentacle)
   (You found it on level 3 of the Dungeon)
 w - a ring of protection from cold
   (You found it on level 4 of the Dungeon)
 x - a ring of positive energy
   (You found it on level 4 of the Dungeon)
Wands
 m - a wand of polymorph (11)
   (You found it on level 3 of the Dungeon)
Scrolls
 d - a scroll of fear
 g - a scroll of noise
 y - a scroll of magic mapping
 z - 2 scrolls of identify
Potions
 c - 2 potions of might
 e - 2 potions of haste {unknown}
 f - a potion of resistance {unknown}
 h - a potion of mutation {unknown}
 i - a potion of attraction {unknown}
 k - 5 potions of curing
 l - 2 potions of magic {unknown}
 o - 3 potions of brilliance {unknown}
 p - 2 potions of heal wounds {unknown}
 q - 3 potions of degeneration {unknown}
 r - 2 potions of invisibility {unknown}
 s - a potion of cancellation {unknown}
 v - a potion of lignification {unknown}

Dungeon Overview and Level Annotations

Branches:
Dungeon (6/15) Zot: 26804  Temple (0/1) D:5         Ossuary (visited)

Altars:
Cheibriados
Makhleb
Wu Jian
Zin

Shops:
D:3 (*= D:4

* ...#
#..######....#
...# ####
##......# ####
##.......#
##........#
#.....)...##
###
##.........#
..##
##........#
...#
###......#
...##
###@#...##
....#
#.z####.#
....# #..## ##
....# #...#
....# #....
...## .....
#..# .##.. ###
#. ..


You could see a wight.


Message History

A wight is nearby!
A wight is nearby!
The wight barely misses you.
You closely miss the wight. You grab the wight. You constrict the wight.
You block the wight's attack.
You hit the wight but do no damage. You constrict the wight.
The wight closely misses you.
You hit the wight but do no damage.
The wight suddenly seems more resistant.
You constrict the wight. The wight misses you.
You hit the wight.
The wight seems to grow stronger.
You constrict the wight. The wight barely misses you.
You block the wight's attack.
You slash the wight! You burn the wight.
You destroy the wight!
Things that are here:
a +2 mace; a +0 robe A wight comes into view.
It is wielding a +0 mace.
A wight is nearby! 3 wights come into view.
You closely miss the wight. You grab the wight.
You constrict the wight, but do no damage.
The wight barely misses you. The wight closely misses you.
You release your grip on the wight.
You hit the wight but do no damage.
The wight easily resists.
You grab the wight. You squeeze the wight! You constrict the wight.
You block the wight's attack.
You hit the wight. Your squeeze misses the wight.
You constrict the wight, but do no damage.
The wight closely misses you.
You hit the wight but do no damage.
You constrict the wight, but do no damage.
The wight hits you with a +6 morningstar!! 😮 HP[-20]
You take 20 damage, and now have 32/52 hp.
MASSIVE DAMAGE!! (PAUSE)
You hit the wight.
You destroy the wight! 😮 HP[+1]
You hit the wight but do no damage.
The wight easily resists.
Your grab misses the wight. You block the wight's attack. 😮 HP[+1]
You hit the wight but do no damage. You grab the wight. You squeeze the wight.
You constrict the wight. The wight hits you with a +0 mace!
The wight hits you with a +0 mace.
* * * LOW HITPOINT WARNING * * *
You feel drained. 😨 HP[-10]
You now have 51 max hp (-1).
You take 10 damage, and now have 24/51 hp.
You hit the wight. You burn the wight. You constrict the wight.
The wight closely misses you. 😮 HP[+2]
You regained 2 hp, and now have 26/51 hp.
You completely miss the wight.
You constrict the wight, but do no damage.
The wight closely misses you. 😮 HP[+1]
You hit the wight. You squeeze the wight. You constrict the wight.
You destroy the wight!
Your life force feels restored.
Your Dodging skill increases to level 7! 😮 HP[+1]
You now have 52 max hp (+1).
You hit the wight.
The wight convulses.
You grab the wight. Your squeeze misses the wight.
You constrict the wight, but do no damage.
The wight hits you with a +0 mace!
* * * LOW HITPOINT WARNING * * *
😨 HP[-9]
You take 9 damage, and now have 19/52 hp.
You hit the wight. You burn the wight.
You squeeze the wight, but do no damage.
You constrict the wight. The wight hits you with a +0 mace.
* * * LOW HITPOINT WARNING * * *
You feel drained.
* * * LOW HITPOINT WARNING * * *
😨 HP[-4]
You now have 50 max hp (-2).
You take 4 damage, and now have 15/50 hp.
You hit the wight but do no damage.
The wight seems to speed up.
You constrict the wight. The wight barely misses you.
The wight closely misses you. 😨 HP[+1]
You hit the wight but do no damage. You constrict the wight!
You destroy the wight!
Your life force feels restored. 😨 HP[+2]
You now have 52 max hp (+2).
You regained 2 hp, and now have 18/52 hp.
Unknown command.
You hit the wight. You burn the wight. You grab the wight.
You constrict the wight.
The wight closely misses you. x2 😨 HP[+1]
You completely miss the wight. You squeeze the wight.
You constrict the wight, but do no damage.
The wight hits you with a +2 dire flail!
* * * LOW HITPOINT WARNING * * *
You feel drained.
You die...

Skill      XL: |  1  2  3  4  5  6  7  8 |
---------------+-------------------------+-----
Long Blades    | 3 4 5 6 |  6.8
Shields        | 4 |  4.0
Dodging        | 4 5 6 7 |  7.1
Fighting       | |  3.0

Action                     |  1- 3 |  4- 6 |  7- 9 || total
---------------------------+-------+-------+-------++-------
  Melee: Long sword        |    49 |   134 |    86 ||   269
         Constrict         |    16 |    42 |    21 ||    79
         Tentacles         |     9 |    28 |    20 ||    57
         Punch             |     1 |     2 |     3 ||     6
    Use: Scroll            |     4 |     2 |     2 ||     8
   Stab: Sleeping          |     4 |     5 |     3 ||    12
 Armour: Skin              |     1 |    15 |     3 ||    19
  Dodge: Dodged            |    20 |    88 |    51 ||   159
  Block: Buckler           |     5 |    18 |    17 ||    40

Levels and vault maps discovered:
D:1:      amcnicky_arrival_gap_in_the_tavern_cellar, layout_rooms,
          minmay_tromino_v2
D:2:      layout_basic, chequers_ecumenical_altar_twisty
D:3:      layout_rooms, demons_altar, pdpol_wu_jian_five_deadly_venoms,
          serial_shops, shop, nicolae_shop_gaudy_bauble, shop
D:4:      layout_cave_pools, mainiacjoe_overflow_24_doors,
          lightli_ossuary_entry_decrepit_ruins, nicolae_shop_fire_sale
          [nicolae_sub_dead_trees], grunt_ministairs_6,
          nicolae_kite_square_tiling_tiny, minmay_misc_feat_ornament
D:5:      nicolae_BIG_FREAKIN_CUBE, layout_basic, temple_doors_e
D:6:      layout_cave_pods, cheibrodos_worm_habitat

Notes
Turn   | Place    | Note
-------+----------+-------------------------------------------
     0 | D:1      | ytrimaz the Octopode Fighter began the quest for the Orb.
     0 | D:1      | Reached XP level 1. HP: 16/16 MP: 1/1
     0 | D:1      | magus.rc [v1.9.6]
   109 | D:1      | Reached XP level 2. HP: 19/21 MP: 2/2
   502 | D:1      | Upgraded the game from 0.30-a0-1157-g2cc9ac7196 to
                  | 0.30-a0-1160-g6e42c06551
   502 | D:1      | magus.rc [v1.9.6]
   566 | D:2      | Reached XP level 3. HP: 26/26 MP: 3/3
   627 | D:2      | You fall into a shaft and drop 1 floor!
   627 | D:3      | Found an ornate altar of the Wu Jian Council.
   634 | D:3      | Found Gisyatre's Antique Weapon Boutique.
   660 | D:2      | Reached skill level 3 in Long Blades
   660 | D:2      | Reached skill level 4 in Shields
   660 | D:2      | Reached XP level 4. HP: 24/31 MP: 4/4
   705 | D:2      | Found a faded altar of an unknown god.
  1276 | D:3      | Found a burning altar of Makhleb.
  1292 | D:3      | Reached skill level 4 in Dodging
  1292 | D:3      | Reached XP level 5. HP: 23/36 MP: 5/5
  1389 | D:3      | Found Ryots's General Store.
  1403 | D:3      | Found Ugiesex's Jewellery Shoppe.
  1414 | D:3      | Reached skill level 4 in Long Blades
  1677 | D:4      | Found a sand-covered staircase.
  1691 | Ossuary  | Entered an ossuary
  1723 | Ossuary  | Reached XP level 6. HP: 42/42 MP: 6/6
  1807 | Ossuary  | HP: 9/42 [mummy (16)]
  1810 | Ossuary  | Reached skill level 5 in Dodging
  1899 | Ossuary  | Reached skill level 5 in Long Blades
  1899 | Ossuary  | Reached XP level 7. HP: 46/46 MP: 7/7
  2002 | D:4      | You pick up a book of Dreams and begin reading...
  2002 | D:4      | You add the spells Ensorcelled Hibernation, Spider Form and
                  | Anguish to your library.
  2097 | D:4      | You pick up a book of Burglary and begin reading...
  2097 | D:4      | You add the spells Passwall and Swiftness to your library.
  2233 | D:4      | Found a glowing silver altar of Zin.
  2385 | D:4      | Found Plog's Fire Supplies.
  2649 | D:5      | Entered Level 5 of the Dungeon
  2740 | D:5      | Reached skill level 6 in Dodging
  2994 | D:5      | Found a staircase to the Ecumenical Temple.
  3026 | D:5      | HP: 9/46 [ogre/+0 giant club (16)]
  3028 | D:5      | Reached skill level 6 in Long Blades
  3030 | D:5      | HP: 2/46 [hound (4)]
  3033 | D:5      | Reached XP level 8. HP: 5/52 MP: 8/8
  3542 | D:6      | Found a snail-covered altar of Cheibriados.
  3611 | D:6      | Reached skill level 7 in Dodging
  3616 | D:6      | HP: 4/52 [wight/+2 dire flail (16)]
  3616 | D:6      | Slain by a wight

Vanquished Creatures
  A water moccasin (D:5)
  An ogre (D:5)
  4 elf zombies (Ossuary)
  4 wights (D:6)
  A human zombie (Ossuary)
  3 hounds
  A jelly (D:5)
  3 iron imps (D:3)
  2 mummies (Ossuary)
  8 adders
  A white imp (D:5)
  An ufetubus (D:5)
  An adder zombie (Ossuary)
  4 worms
  A dart slug (D:2)
  3 orcs
  6 ball pythons
  2 bats (D:3)
  7 endoplasms
  3 giant cockroaches
  4 hobgoblins
  2 quokkas
  4 frilled lizards
  5 goblins
  A goblin zombie (Ossuary)
  5 hobgoblin zombies (Ossuary)
  3 jackal zombies (Ossuary)
  10 kobolds
  10 kobold zombies (Ossuary)
  11 orc zombies (Ossuary)
  6 rats
  A rat zombie (Ossuary)
119 creatures vanquished.

Table legend:
 A = Non-vault XP
 B = Vault XP
 C = Vault XP percentage of total XP
 D = Non-vault monster count
 E = Vault monster count
 F = Vault count percentage of total count
                 A         B        C        D         E       F
            +---------+---------+-------+---------+---------+-------
      Total |     975 |     618 |  38.8 |      73 |      46 |  38.7
            +---------+---------+-------+---------+---------+-------
        D:1 |      25 |       2 |   7.4 |      17 |       1 |   5.6
        D:2 |     107 |       0 |   0.0 |      15 |       0 |   0.0
        D:3 |      57 |     118 |  67.4 |      18 |       3 |  14.3
        D:4 |      24 |       4 |  14.3 |       6 |       2 |  25.0
        D:5 |     447 |       0 |   0.0 |      11 |       0 |   0.0
        D:6 |     315 |       5 |   1.6 |       6 |       1 |  14.3
    Ossuary |       0 |     489 | 100.0 |       0 |      39 | 100.0
            +---------+---------+-------+---------+---------+-------

Skill      XL: |  1  2  3  4  5  6  7  8 |
---------------+-------------------------+-----
Long Blades    | 3 4 5 6 |  6.8
Shields        | 4 |  4.0
Dodging        | 4 5 6 7 |  7.1
Fighting       | |  3.0

Action                     |  1- 3 |  4- 6 |  7- 9 || total
---------------------------+-------+-------+-------++-------
  Melee: Long sword        |    49 |   134 |    86 ||   269
         Constrict         |    16 |    42 |    21 ||    79
         Tentacles         |     9 |    28 |    20 ||    57
         Punch             |     1 |     2 |     3 ||     6
    Use: Scroll            |     4 |     2 |     2 ||     8
   Stab: Sleeping          |     4 |     5 |     3 ||    12
 Armour: Skin              |     1 |    15 |     3 ||    19
  Dodge: Dodged            |    20 |    88 |    51 ||   159
  Block: Buckler           |     5 |    18 |    17 ||    40

Illustrated notes

Table legend:
 A = Kills in this place as a percentage of kills in the entire game.
 B = Kills by you in this place as a percentage of kills by you in the entire game.
 C = Kills by friends in this place as a percentage of kills by friends in the entire game.
 D = Other kills in this place as a percentage of other kills in the entire game.
 E = Experience gained in this place as a percentage of experience gained in the entire game.
 F = Experience gained in this place divided by the number of levels of this place that you have seen.
                   A       B       C       D       E      F
               +-------+-------+-------+-------+-------+----------------------
         Total | 100.0 | 100.0 |   N/A |   N/A | 100.0 | 227.6
       Dungeon |  67.2 |  67.2 |   N/A |   N/A |  69.3 | 184.0
       Ossuary |  32.8 |  32.8 |   N/A |   N/A |  30.7 | 489.0
               +-------+-------+-------+-------+-------+----------------------

Table legend: (Time is in decaauts)
 A = Elapsed time spent in this place.
 B = Non-inter-level travel time spent in this place.
 C = Inter-level travel time spent in this place.
 D = Time resting spent in this place.
 E = Time spent auto-exploring this place.
 F = Levels seen in this place.
 G = Mean time per level.
                   A        B        C        D        E       F      G
               +--------+--------+--------+--------+--------+-----+--------+
         Total |   3674 |   3526 |    148 |    100 |   2653 |   7 |  524.9 |
       Dungeon |   3376 |   3228 |    148 |    100 |   2536 |   6 |  562.7 |
       Ossuary |    298 |    298 |      0 |      0 |    117 |   1 |  298.0 |
               +--------+--------+--------+--------+--------+-----+--------+

Top non-repeatable levels by time:
     D:5: 823 daAuts
     D:4: 712 daAuts
     D:2: 694 daAuts
     D:1: 550 daAuts
     D:3: 444 daAuts
 Ossuary: 298 daAuts
     D:6: 150 daAuts
